 Dungeon Crawl Stone Soup version 0.29.1-2-gbd0b4ee654 (webtiles) character file.

Game seed: 14740576665385744180

191 Descartes the Magician (level 5, -1/24 HPs)
             Began as a Spriggan Venom Mage on Nov 3, 2022.
             Succumbed to an adder's poison
             ... in a sewer.
             The game lasted 00:12:30 (4245 turns).

Descartes the Magician (Spriggan Venom Mage)        Turns: 4245, Time: 00:12:30

Health: -1/24      AC:  2    Str:  4    XL:     5   Next: 42%
Magic:  9/13       EV: 17    Int: 19    God:
Gold:   159        SH:  0    Dex: 15    Spells: 13/14 levels left

rFire   . . .      SeeInvis +   c - +0 short sword
rCold   . . .      Faith    .   (no shield)
rNeg    + . .      Spirit   .   a - +0 robe
rPois   .          Reflect  .   (helmet restricted)
rElec   .          Harm     .   (no cloak)
rCorr   .          Rampage  .   (gloves unavailable)
Will    .....                   (boots unavailable)
Stlth   ++........              (no amulet)
HPRegen 0.08/turn               g - ring of positive energy
MPRegen 0.13/turn               (no ring)

@: lethally poisoned (-1 -> -14), very quick
A: very small, no large weapons, unfitting armour, see invisible, speed 3
a: no special abilities


You were in a sewer.
You visited 1 branch of the dungeon, and saw 3 of its levels.
You also visited: Sewer.

You collected 159 gold pieces.

Inventory:

Hand Weapons
 c - a +0 short sword (weapon)
Missiles
 e - 6 atropa-tipped darts
Armour
 a - a +0 robe (worn)
Jewellery
 g - a ring of positive energy (left hand)
Wands
 l - a wand of charming (1)
Scrolls
 n - 2 scrolls of magic mapping {unknown}
 o - a scroll of teleportation {unknown}
 p - a scroll of enchant armour {unknown}
Potions
 b - a potion of magic
 d - a potion of lignification {unknown}
 f - 6 potions of flight
 h - a potion of cancellation {unknown}
 i - a potion of heal wounds {unknown}
 j - 2 potions of attraction
 k - 4 potions of mutation
 m - a potion of haste {unknown}


   Skills:
 - Level 2.6 Dodging
 - Level 3.0 Stealth
 + Level 5.3 Spellcasting
 - Level 1.3 Transmutations
 + Level 4.8 Poison Magic


You had 13 spell levels left.
You knew the following spells:

 Your Spells              Type           Power      Damage    Failure   Level
a - Sting                 Tmut/Pois      64%        1d6       3%          1

Your spell library contained the following spells:

 Spells                   Type           Power      Damage    Failure   Level
 Poisonous Vapours        Pois/Air       28%        N/A       7%          2
 Necrotise                Necr           20%        1d5       12%         1
 Summon Small Mammal      Summ           20%        N/A       12%         1
 Olgreb's Toxic Radiance  Pois           23%        N/A       16%         4
 Mephitic Cloud           Conj/Pois/Air  11%        N/A       19%         3
 Call Canine Familiar     Summ           5%         N/A       36%         3
 Summon Guardian Golem    Hex/Summ       5%         N/A       36%         3
 Vampiric Draining        Necr           5%         2d6       36%         3
 Agony                    Necr           5%         N/A       98%         5


Dungeon Overview and Level Annotations

Branches:
Dungeon (3/15)              Sewer (1/1)

Altars:


Innate Abilities, Weirdness & Mutations

You are very small and have problems with some larger weapons.
You are too small for most types of armour.
You have supernaturally acute eyesight. (SInv)
You cover ground extremely quickly. (Speed+++)


Message History

Aim: an adder (57% to hit)
The sting misses the adder.
The adder misses you. The adder closely misses you.
The adder barely misses you. The adder completely misses you.
Casting: Sting (safe; 3% risk of failure)
Confirm with . or Enter, or press ? or * to list all spells.
Aiming: Sting (safe; 3% risk of failure)
Press: ? - help, Shift-Dir - straight line, f/p - adder
Aim: an adder (57% to hit)
The sting hits the adder.
The adder is poisoned.
The adder is heavily wounded.
The adder misses you. x2; The adder bites you but does no damage.
You enter the shallow water.
Moving in this stuff is going to be slow.
The adder closely misses you. The adder attacks as you move away!
The adder bites you. The adder closely misses you.
The adder closely misses you. The adder bites you.
You are poisoned.
The adder poisons you! The adder attacks as you move away! The adder bites you.
The adder attacks as you move away! The adder misses you.
You feel sick. The adder bites you.
You are more poisoned.
The adder poisons you!
You feel very sick.
The adder looks more healthy.
The adder bites you but does no damage. The adder closely misses you.
You feel very sick. The adder bites you.
* * * LOW HITPOINT WARNING * * *
The adder misses you. The adder closely misses you.
The adder attacks as you move away! The adder closely misses you.
* * * LOW HITPOINT WARNING * * *
You feel sick. The adder barely misses you. The adder bites you.
* * * LOW HITPOINT WARNING * * *
You are more poisoned.
The adder poisons you! The adder misses you.
The adder attacks as you move away! The adder bites you.
* * * LOW HITPOINT WARNING * * *
You die...

#≈≈≈~~.#...# #≈≈≈#
#≈≈.~.~#...# #≈≈≈#
#≈≈.~.###..# #≈≈≈#
#≈≈~..# #.## #≈≈≈#
#≈≈~.## ### #≈≈≈#
#≈≈≈~###############≈≈≈#
#≈≈≈~~.~.~~..~~.~.~~~.~#
#≈≈≈≈≈≈≈≈≈S≈≈≈~~≈≈≈≈≈≈~#
#≈≈~~~.~@~S~~~~~~~~~~≈~#
#≈≈~###~≈S####~~####~≈.#
#≈≈~# #~≈~# #~.# #.≈~#
#≈≈~# #~≈~# #.~# #.≈~#
#≈≈.# #.≈~####†.####†≈~#
#≈≈~# #~≈~##!#..#.##.≈~#
#≈≈~# #~≈~##.'..'.##~≈~#
#≈≈~# #~≈.##!'..'.##~≈.#
#≈≈.# #.≈~##.#..#.##~≈~#


You could see 3 adders.

Vanquished Creatures
  Natasha (D:1)
  4 adders
  5 river rats (Sewer)
  A dart slug (D:2)
  4 endoplasms
  4 giant cockroaches
  5 goblins
  3 hobgoblins
  10 jackals
  5 quokkas
  15 ball pythons
  15 bats
  3 frilled lizards
  3 kobolds
  3 rats
81 creatures vanquished.

Notes
Turn   | Place    | Note
-------+----------+-------------------------------------------
     0 | D:1      | Descartes the Spriggan Venom Mage began the quest for the
                  | Orb.
     0 | D:1      | Reached XP level 1. HP: 9/9 MP: 5/5
   244 | D:1      | Reached skill level 3 in Spellcasting
   408 | D:1      | Reached XP level 2. HP: 13/13 MP: 5/7
  1774 | D:2      | Noticed Natasha
  1786 | D:2      | Reached XP level 3. HP: 16/16 MP: 6/9
  2381 | D:1      | Killed Natasha
  2382 | D:1      | Reached skill level 4 in Spellcasting
  2382 | D:1      | Reached XP level 4. HP: 21/21 MP: 4/11
  2913 | D:3      | Found a glowing drain.
  2943 | Sewer    | Entered a sewer
  3786 | Sewer    | Reached XP level 5. HP: 21/24 MP: 8/13
  3884 | Sewer    | Reached skill level 5 in Spellcasting
  4245 | Sewer    | HP: 1/24 [adder (1)]
  4245 | Sewer    | Succumbed to an adder's poison

Illustrated notes

Levels and vault maps discovered:
D:1:      psy_arrival_radial02, layout_basic
D:2:      layout_rooms, minmay_split_cup_small, uniq_natasha
D:3:      layout_loops_ring, cheibrodos_sewer_entry_drain,
          ebering_ecumenical_altar_ruins, serial_shops, shop, minmay_misc_feat_x
Sewer:    sewer_fruit_machine

Skill      XL: |  1  2  3  4  5 |
---------------+----------------+-----
Spellcasting   | 3 4 5 |  5.3
Poison Magic   | 4 |  4.8
Dodging        | |  2.6
Stealth        | |  3.0
Transmutations | |  1.3

Action                   |  1- 3 |  4- 6 || total
-------------------------+-------+-------++-------
Melee: Short sword       |     3 |     3 ||     6
       Punch             |       |     1 ||     1
 Cast: Sting             |    69 |   100 ||   169
  Use: Scroll            |       |     4 ||     4
Armor: Robe              |     4 |     9 ||    13
Dodge: Dodged            |    20 |   104 ||   124
